 Dungeon Crawl Stone Soup version 0.18-a0-1624-g19ad93e (webtiles) character file.

107 Oddball22 the Skirmisher (level 4, 0/23 HPs)
             Began as a Vine Stalker Artificer on Mar 24, 2016.
             Succumbed to a worker ant's poison
             ... on level 3 of the Dungeon.
             The game lasted 00:09:04 (1334 turns).

Oddball22 the Skirmisher (Vine Stalker Artificer)   Turns: 1334, Time: 00:09:04

Health: 0/23       AC:  3    Str: 14    XL:     4   Next: 86%
Magic:  0/8        EV: 12    Int: 12    God:
Gold:   142        SH:  0    Dex: 15    Spells: 0 memorised, 7 levels left

rFire  . . .     SeeInvis .     r - +0 hand axe
rCold  . . .     Gourm    .     b - +0 leather armour
rNeg   . . .     Faith    .     (no shield)
rPois  .         Spirit   +     (no helmet)
rElec  .         Dismiss  .     (no cloak)
rCorr  .         Reflect  .     (no gloves)
SustAt .         Harm     .     (no boots)
MR     .....                    (no amulet)
Stlth  ++........               (no ring)
                                (no ring)

@: lethally poisoned (0 -> -8), not resistant to hostile enchantments,
unstealthy
A: fangs 2, regeneration 1, magic shield, antimagic bite, no device heal 3, rot
immunity
a: no special abilities


You were on level 3 of the Dungeon.
You were not hungry.

You visited 1 branch of the dungeon, and saw 3 of its levels.

You collected 142 gold pieces.

Inventory:

Hand Weapons
 a - a +0 short sword
 r - a +0 hand axe (weapon)
Armour
 b - a +0 leather armour (worn)
Wands
 c - a wand of flame (10/48)
 d - a wand of enslavement (15/24)
 e - a wand of random effects (15/48)
Scrolls
 g - a scroll of teleportation {unknown}
 i - 2 scrolls of enchant armour {unknown}
 k - a scroll of amnesia {unknown}
 l - a scroll of enchant weapon {unknown}
 m - a scroll of immolation {unknown}
 n - 2 scrolls of identify {unknown}
 s - a scroll of random uselessness {unknown}
Potions
 h - 7 potions of curing {unknown}
 q - a potion of heal wounds {unknown}
Books
 t - a book of Burglary

   Spells                             Type                      Level
   a - Swiftness                      Charms/Air                   2
   b - Passwall                       Transmutation/Earth          2
   c - Passage of Golubria            Translocation                4
   d - Lee's Rapid Deconstruction     Earth                        5
   e - Darkness                       Hexes                        6
   f - Invisibility                   Hexes                        6
Comestibles
 f - 2 bread rations
 j - a royal jelly
 p - 3 meat rations


   Skills:
 * Level 2.7 Fighting
 - Level 0.8 Short Blades
 + Level 2.4 Dodging
 - Level 1.2 Stealth
 + Level 2.0 Spellcasting
 - Level 2.6 Evocations


You had 7 spell levels left.
You didn't know any spells.

Dungeon Overview and Level Annotations

Branches:
Dungeon (3/15)

Altars:

Annotations:
D:2 Sigmund


Innate Abilities, Weirdness & Mutations

You have extremely sharp teeth.
Your natural rate of healing is unusually fast.
When hurt, damage is shared between your health and your magic reserves.
Your bite disrupts and absorbs the magic of your enemies.
Potions and wands cannot restore your health.
You are immune to rotting.


Message History

Zapping:
c - a wand of flame (12/48)
Press: ? - help, Shift-Dir - straight line, f/p - worker ant
Aim: a worker ant (heavily wounded)
The puff of flame hits the worker ant.
The worker ant is almost dead.
This wand has 11 charges left.
You feel sick. The worker ant bites you.
* * * LOW HITPOINT WARNING * * *
You are lethally poisoned!
The worker ant poisons you! The worker ant bites you.
* * * LOW HITPOINT WARNING * * *
All of the chunks of flesh in your inventory have rotted away.
Evoke which item? (* to show all) (? for menu, Esc to quit)
Zapping:
c - a wand of flame (11/48)
Press: ? - help, Shift-Dir - straight line, f/p - worker ant
Aim: a worker ant (almost dead)
The puff of flame hits the worker ant.
You kill the worker ant!
Your Spellcasting skill increases to level 2!
This wand has 10 charges left.
You die...

# #####.#
######.....###.
.......@.......
######.########
#. #. #. #. #.
..


There were no monsters in sight!

Vanquished Creatures
  A worker ant (D:3)
  2 adders (D:2)
  An ooze (D:1)
  2 worms (D:2)
  3 dart slugs (D:1)
  A ball python (D:1)
  5 bats
  5 giant cockroaches
  4 goblins
  4 hobgoblins
  5 kobolds
  A quokka (D:2)
  4 giant newts
  12 rats
50 creatures vanquished.

Notes
Turn   | Place    | Note
--------------------------------------------------------------
     0 | D:1      | Oddball22 the Vine Stalker Artificer began the quest for the Orb.
     0 | D:1      | Reached XP level 1. HP: 9/9 MP: 3/3
    87 | D:1      | Reached skill level 1 in Fighting
   169 | D:1      | Reached XP level 2. HP: 14/14 MP: 5/5
   186 | D:1      | Reached skill level 1 in Spellcasting
   369 | D:1      | Reached XP level 3. HP: 16/18 MP: 6/6
   803 | D:2      | Noticed Sigmund
   995 | D:2      | Reached XP level 4. HP: 12/23 MP: 3/7
  1333 | D:3      | HP: 1/23 [worker ant (3)]
  1334 | D:3      | Succumbed to a worker ant's poison

Vault maps used:
D:1:      minmay_arrival_hallway
D:2:      first_bread, kennysheep_decorative_pillar, uniq_sigmund
D:3:      minmay_rat_hole

Skill      XL: |  1  2  3  4 |
---------------+-------------+-----
Fighting       | 1 2 |  2.7
Spellcasting   | 1 2 |  2.0
Dodging        | 2 |  2.4
Short Blades   | |  0.8
Stealth        | |  1.2
Evocations     | |  2.6

Action                   |  1- 3 |  4- 6 || total
-------------------------+-------+-------++-------
Melee: Short sword       |    91 |       ||    91
       Hand axe          |    24 |    26 ||    50
Evoke: Wand              |       |     5 ||     5
 Stab: Sleeping          |     4 |     1 ||     5
  Eat: Chunk             |       |     2 ||     2
